 Dungeon Crawl Stone Soup version 0.31.0-11-ge490571c62 (webtiles) character file.

Game seed: 9416409621799379316

858 qw the Skirmisher (level 7, -7/40 HPs)
             Began as a Deep Elf Hunter on Feb 3, 2024.
             Mangled by an ogre
             ... wielding a +0 giant club
              (18 damage)
             ... on level 5 of the Dungeon.
             The game lasted 00:00:17 (4482 turns).

qw the Skirmisher (Deep Elf Hunter)                 Turns: 4482, Time: 00:00:18

Health: -7/40      AC:  9    Str: 10    XL:     7   Next: 71%
Magic:  18/18      EV: 10    Int: 14    God:
Gold:   425        SH:  0    Dex: 28    Spells: 6/6 levels left

rFire   + + .        n - +0 orcbow
rCold   x . .        (shield currently unavailable)
rNeg    . . .        b - +0 fire dragon scales
rPois   .            (no helmet)
rElec   .            (no cloak)
rCorr   .            (no gloves)
SInv    .            j - +0 pair of boots
Will    .....        (no amulet)
Stlth   +            f - +6 ring of dexterity
HPRegen 0.26/turn    o - ring "Emeonenn" {MP+9 Dex+4}
MPRegen 0.16/turn

%: no passive effects
@: no status effects
A: no striking features
a: no special abilities


You were on level 5 of the Dungeon.
You visited 1 branch of the dungeon, and saw 5 of its levels.
You also visited: Sewer.

You collected 425 gold pieces.


   Skills:
 - Level 2.4 Fighting
 + Level 11.3 Ranged Weapons
 - Level 1.7 Armour
 - Level 3.6 Dodging
 - Level 1.2 Stealth


You had 6 spell levels left.
You didn't know any spells.
Your spell library was empty.

Inventory:

Hand Weapons
 n - a +0 orcbow (weapon)
Armour
 b - +0 fire dragon scales (worn)
 j - a +0 pair of boots (worn)
 l - a +1 ring mail of fire resistance
Jewellery
 f - a +6 ring of dexterity (left hand)
 o - the ring "Emeonenn" (right hand) {MP+9 Dex+4}
   (You found it on level 2 of the Dungeon)

   [ring of magical power]

   Dex+4:     It affects your dexterity (+4).
   MP+9:      It affects your magic capacity (+9).
Wands
 a - a wand of digging (4)
 k - a wand of flame (23)
Scrolls
 i - 4 scrolls of teleportation
 p - a scroll of identify
Potions
 c - a potion of heal wounds
 d - a potion of enlightenment
 e - a potion of ambrosia {unknown}
 g - a potion of brilliance {unknown}
 h - 3 potions of curing
 m - a potion of berserk rage {unknown}

Dungeon Overview and Level Annotations

Branches:
Dungeon (5/15)              Sewer (visited)
 Temple: D:4-7

Altars:
Xom
Yredelemnul

Shops:
D:1 =   D:2 =[


Message History

The orc is heavily wounded.
The orc closely misses you.
You shoot an arrow. The arrow closely misses the orc.
The orc barely misses you.
You shoot an arrow. The arrow barely misses the orc.
The orc barely misses you. The orc hits you but does no damage.
You shoot an arrow. The arrow hits the orc.
The orc is severely wounded.
The orc hits you but does no damage.
You shoot an arrow. The arrow hits the orc!
You kill the orc!
You start resting.
HP restored.
You now have 425 gold pieces (gained 7).
Things that are here:
a +0 short sword; an orc corpse
Found 7 stones.
An iguana comes into view.
You shoot an arrow. The iguana hisses angrily.
The arrow hits the iguana but does no damage.
You hear a shout!
You shoot an arrow. The arrow hits the iguana.
The iguana is moderately wounded.
An ogre comes into view. It is wielding a +0 giant club.
You shoot an arrow. The arrow hits the iguana!
The iguana is severely wounded.
You shoot an arrow. The arrow hits the iguana.
The iguana is almost dead.
You shoot an arrow. The arrow barely misses the iguana.
You shoot an arrow. The arrow closely misses the iguana.
The iguana bites you! The iguana bites you.
You shoot an arrow. The arrow closely misses the iguana.
The ogre hits you with a +0 giant club! The iguana misses you.
You shoot an arrow.
The arrow hits the iguana but does no damage.
The iguana is almost dead.
The iguana bites you!
The ogre hits you with a +0 giant club!!
You die...

#.#....#########
#.#..#........ #
##.###########.##
#.%.......# #.
#...#####.# ##
########...#
...........#
.......#...#
#####.@...#
#..Ol..#
#...#...#
....##..... #(#!#
#....... #. /.
#.#?.... . .#
#.#..... .#
.#.....


You could see an ogre and an iguana.

Vanquished Creatures
  Pargi (Sewer)
  Duvessa (D:5)
  A centaur (D:5)
  A kobold brigand (D:3)
  A phantom (D:5)
  A bullfrog (D:5)
  Dowan (D:5)
  A hound (D:5)
  A sleepcap (D:5)
  2 iguanas (D:5)
  9 adders
  A white imp (D:5)
  2 adder zombies (D:4)
  4 ribbon worms
  2 dart slugs
  2 orcs
  6 ball pythons
  6 bats
  9 endoplasms
  7 giant cockroaches
  9 goblins
  4 hobgoblins
  13 jackals
  5 quokkas
  7 frilled lizards
  14 kobolds
  8 rats
119 creatures vanquished.

Notes
Turn   | Place    | Note
-------+----------+-------------------------------------------
     0 | D:1      | qw the Deep Elf Hunter began the quest for the Orb.
     0 | D:1      | Reached XP level 1. HP: 12/12 MP: 3/3
     0 | D:1      | 0 ||| qw: Version: 0.3-a-158-g18b3111
     0 | D:1      | 0 ||| qw: Game counter: 4147
     0 | D:1      | 0 ||| qw: Melee chars always use a shield: true
     0 | D:1      | 0 ||| qw: God list: Okawaru
     0 | D:1      | 0 ||| qw: Allow faded altars: false
     0 | D:1      | 0 ||| qw: Do Orc after clearing Dungeon:15 true
     0 | D:1      | 0 ||| qw: Do second Lair branch before Depths: true
     0 | D:1      | 0 ||| qw: Lair rune preference: random
     0 | D:1      | 0 ||| qw: Goals: Normal
     0 | D:1      | 0 ||| PLANNING D:1-11
     6 | D:1      | Noticed an imperial myrmidon
     6 | D:1      | Noticed a basilisk
     7 | D:1      | Noticed a fire giant
   153 | D:1      | Reached XP level 2. HP: 16/16 MP: 4/4
   159 | D:1      | Reached skill level 6 in Ranged Weapons
   330 | D:1      | Reached XP level 3. HP: 20/20 MP: 5/5
   401 | D:1      | Found a faded altar of an unknown god.
   520 | D:1      | Found Janysmue's Jewellery Shop.
   525 | D:1      | 525 ||| SHOPLISTING amulet of faith (400 gold, have 86).
   525 | D:1      | 525 ||| SHOPLISTING amulet of regeneration (300 gold, have
                  | 86).
   525 | D:1      | 525 ||| SHOPLISTING ring of Existentialism {rCorr Str+2
                  | Int+4} (396 gold, have 86).
   525 | D:1      | 525 ||| SHOPLISTING ring of see invisible (150 gold, have
                  | 86).
   825 | D:1      | 825 ||| UPGRADING to +0 pair of boots.
   830 | D:1      | 830 ||| DROPPING ring of magical power.
   831 | D:1      | 831 ||| DROPPING ring of wizardry.
   832 | D:1      | 832 ||| READING 2 scrolls labelled RUCKAR KENKI.
   832 | D:1      | 832 ||| IDENTIFYING amethyst potion
   833 | D:1      | 833 ||| READING scroll of identify.
   833 | D:1      | 833 ||| IDENTIFYING black potion
   834 | D:1      | 834 ||| READING scroll labelled GODERI HOATYNE.
   835 | D:1      | 835 ||| READING scroll labelled NOEWAP ISAC.
   936 | D:1      | 936 ||| DROPPING scroll of butterflies.
   937 | D:1      | 937 ||| DROPPING potion of attraction.
   964 | D:2      | Reached skill level 7 in Ranged Weapons
  1172 | D:2      | Reached XP level 4. HP: 22/25 MP: 6/6
  1224 | D:2      | Found Foadev's Jewellery Boutique.
  1231 | D:2      | 1231 ||| SHOPLISTING +4 ring of protection (468 gold, have
                  | 162).
  1231 | D:2      | 1231 ||| SHOPLISTING +4 ring of slaying (1014 gold, have
                  | 162).
  1231 | D:2      | 1231 ||| SHOPLISTING +6 ring of dexterity (468 gold, have
                  | 162).
  1231 | D:2      | 1231 ||| SHOPLISTING ring of poison resistance (260 gold,
                  | have 162).
  1231 | D:2      | 1231 ||| SHOPLISTING ring of see invisible (195 gold, have
                  | 162).
  1424 | D:2      | Found Keciad's Armour Shop.
  1429 | D:2      | 1429 ||| SHOPLISTING +2 ring mail of fire resistance (231
                  | gold, have 174).
  1487 | D:2      | Identified the ring "Emeonenn" {MP+9 Dex+4}
  1818 | D:2      | 1818 ||| UPGRADING to +0 ring mail.
  1828 | D:2      | 1828 ||| DROPPING +0 leather armour.
  1829 | D:2      | 1829 ||| UPGRADING to +6 ring of dexterity.
  1830 | D:2      | 1830 ||| UPGRADING to ring of protection from cold.
  1831 | D:2      | 1831 ||| UPGRADING to ring "Emeonenn" {MP+9 Dex+4}.
  1897 | D:2      | 1897 ||| DROPPING ring of protection from cold.
  1898 | D:2      | 1898 ||| READING scroll of identify.
  1898 | D:2      | 1898 ||| IDENTIFYING sapphire potion
  1899 | D:2      | 1899 ||| READING scroll labelled LEJAMM NUFAVEY.
  1900 | D:2      | 1900 ||| READING 2 scrolls labelled WOICIXZ INGUTE.
  1903 | D:2      | 1903 ||| READING scroll labelled FOLUSK CALOETOLU.
  1964 | D:3      | 1964 ||| PLANNING SEWER
  2170 | D:3      | Found a glowing drain.
  2253 | D:3      | 2253 ||| READING scroll labelled BOK VIMIXKO.
  2253 | D:3      | 2253 ||| BRANDING +0 shortbow.
  2262 | D:3      | Reached skill level 3 in Dodging
  2263 | D:3      | Reached skill level 8 in Ranged Weapons
  2274 | D:3      | Reached XP level 5. HP: 16/29 MP: 7/7
  2344 | Sewer    | Entered a sewer
  2382 | Sewer    | Noticed Pargi
  2393 | Sewer    | Killed Pargi
  2394 | Sewer    | Reached skill level 9 in Ranged Weapons
  2473 | Sewer    | 2473 ||| READING scroll labelled ZUPTUC YZXUNTA.
  2487 | D:3      | 2487 ||| PLANNING D:1-11
  2573 | D:3      | Found a shimmering altar of Xom.
  2589 | D:3      | Reached XP level 6. HP: 27/36 MP: 8/8
  2991 | D:3      | 2991 ||| READING scroll of identify.
  2991 | D:3      | 2991 ||| IDENTIFYING fizzy cyan potion
  2992 | D:3      | 2992 ||| DROPPING potion of degeneration.
  3603 | D:4      | Found a basalt altar of Yredelemnul.
  3620 | D:4      | 3620 ||| UPGRADING to +0 fire dragon scales.
  3630 | D:4      | 3630 ||| DROPPING +0 ring mail.
  3631 | D:4      | 3631 ||| READING scroll of identify.
  3631 | D:4      | 3631 ||| IDENTIFYING yellow potion
  3646 | D:5      | Entered Level 5 of the Dungeon
  3743 | D:5      | Reached skill level 1 in Armour
  3797 | D:5      | 3797 ||| SWAPPING to +0 orcbow.
  3798 | D:5      | 3798 ||| DROPPING +0 shortbow of draining.
  3839 | D:5      | Reached XP level 7. HP: 40/40 MP: 9/9
  3983 | D:5      | Noticed Duvessa
  3988 | D:5      | Noticed Dowan
  3991 | D:5      | Killed Duvessa
  3992 | D:5      | Reached skill level 10 in Ranged Weapons
  3999 | D:5      | Killed Dowan
  4095 | D:5      | Reached skill level 11 in Ranged Weapons
  4427 | D:5      | 4427 ||| FLEEEEING.
  4428 | D:5      | 4428 ||| FLEEEEING.
  4429 | D:5      | 4429 ||| FLEEEEING.
  4430 | D:5      | 4430 ||| FLEEEEING.
  4482 | D:5      | Mangled by an ogre

Levels and vault maps discovered:
D:1:      onia_arrival_zoo_common, layout_basic,
          hellmonk_ecumenical_altar_dog_temple, serial_shops,
          nicolae_shop_peninsula, kennysheep_boxes
D:2:      layout_loops_ring, serial_shops, shop, shop, st_stairs_9,
          kennysheep_small_spiral, minmay_surrounded
D:3:      layout_loops_ring, regret_index_xom_buried_treasure,
          gup_sewer_entry_glass, nicolae_figureground_pulse
D:4:      layout_basic, lemuel_zombie_altar_yredelemnul
D:5:      layout_basic, minmay_circle_x, uniq_duvessa

Skill      XL: |  1  2  3  4  5  6  7 |
---------------+----------------------+-----
Ranged Weapons | 6 7 8 9 11 | 11.3
Dodging        | 3 |  3.6
Fighting       | 2 |  2.4
Armour         | 1 |  1.7
Stealth        | |  1.2

Action                     |  1- 3 |  4- 6 |  7- 9 || total
---------------------------+-------+-------+-------++-------
   Fire: Shortbow          |   136 |   161 |       ||   297
         Orcbow            |       |     9 |    58 ||    67
    Use: Scroll            |     4 |     8 |       ||    12
 Armour: Leather armour    |    28 |     5 |       ||    33
         Ring mail         |       |    40 |       ||    40
         Fire dragon scale |       |     7 |    28 ||    35
  Dodge: Dodged            |    31 |    44 |    20 ||    95

Table legend:
 A = Non-vault XP
 B = Vault XP
 C = Vault XP percentage of total XP
 D = Non-vault monster count
 E = Vault monster count
 F = Vault count percentage of total count
                 A         B        C        D         E       F
            +---------+---------+-------+---------+---------+-------
      Total |     767 |     460 |  37.5 |      94 |      25 |  21.0
            +---------+---------+-------+---------+---------+-------
        D:1 |      52 |       6 |  10.3 |      33 |       3 |   8.3
        D:2 |      61 |      19 |  23.8 |      21 |       5 |  19.2
        D:3 |     141 |      54 |  27.7 |      18 |       5 |  21.7
        D:4 |      24 |      12 |  33.3 |      12 |       2 |  14.3
        D:5 |     489 |     217 |  30.7 |      10 |       3 |  23.1
      Sewer |       0 |     152 | 100.0 |       0 |       7 | 100.0
            +---------+---------+-------+---------+---------+-------
